3AA
BELVEDERE PARK RAWHIDES @ VIRGINIA BEACH DEUCES
05/13/2032
 
TOP OF THE 1ST
Belvedere Park Rawhides batting - Pitching for Virginia Beach Deuces : LHP Nicolaas de Jongh
Pitching: LHP Nicolaas de Jongh
Batting: RHB Pat Sizemore 0-0: Ball
1-0: Called Strike
1-1: Ball
2-1: Swinging Strike
2-2: Strikes out swinging
Batting: RHB José Pérez 0-0: Foul Ball, location: 2F
0-1: Foul Ball, location: 2F
0-2: Ground out 1-3 (Groundball, 13)
Batting: RHB Jesús Recesvinto 0-0: Called Strike
0-1: Called Strike
0-2: DOUBLE (Flyball, 89XD) - OUT at third base trying to stretch hit.
Top of the 1st over - 0 runs, 1 hit, 0 errors, 0 left on base; Belvedere Park 0 - Virginia Beach 0
BOTTOM OF THE 1ST
Virginia Beach Deuces batting - Pitching for Belvedere Park Rawhides : LHP Katsumoto Miyanohara
Pitching: LHP Katsumoto Miyanohara
Batting: RHB Luis Díaz 0-0: Called Strike
0-1: Swinging Strike
0-2: Fly out, F9 (Flyball, 9)
Batting: RHB Júlio Becerra 0-0: Ball
1-0: Ball
2-0: Ball
3-0: Base on Balls
Batting: RHB James Hill 0-0: Ball
1-0: Called Strike
1-1: SINGLE (Groundball, 4MD)
Júlio Becerra to second
Runner from 2nd tries for 3rd, SAFE, no throw
Batting: RHB Stephen McManus 0-0: Ball
1-0: SINGLE (Groundball, 6MD)
Júlio Becerra scores
James Hill to second
Batting: SHB Iikka Karpinen 0-0: Foul Ball, location: 2F
0-1: Grounds into double play, 5-4-3 (Groundball, 56)
Bottom of the 1st over - 1 run, 2 hits, 0 errors, 1 left on base; Belvedere Park 0 - Virginia Beach 1
TOP OF THE 2ND
Belvedere Park Rawhides batting - Pitching for Virginia Beach Deuces : LHP Nicolaas de Jongh
Batting: RHB Norm Chodorow 0-0: Ball
1-0: Fly out, F7 (Flyball, 7S)
Batting: LHB Seung-soo Ch'ae 0-0: Ball
1-0: Called Strike
1-1: Swinging Strike
1-2: Foul Ball, location: 2F
1-2: Strikes out swinging
Batting: RHB Stephen Webb 0-0: Ball
1-0: Foul Ball, location: 2F
1-1: Foul Ball, location: 2F
1-2: Foul Ball, location: 2F
1-2: Foul Ball, location: 2F
1-2: Ball
2-2: Fly out, F7 (Line Drive, 78M)
Top of the 2nd over - 0 runs, 0 hits, 0 errors, 0 left on base; Belvedere Park 0 - Virginia Beach 1
BOTTOM OF THE 2ND
Virginia Beach Deuces batting - Pitching for Belvedere Park Rawhides : LHP Katsumoto Miyanohara
Batting: RHB Gerardo Espinoza 0-0: Ground out 4-3 (Groundball, 4M)
Batting: SHB Juan Perales 0-0: Called Strike
0-1: Ball
1-1: Ball
2-1: Ball
3-1: Base on Balls
Batting: RHB Juan Carlos López 0-0: Ball
1-0: Reached on error, E4 (Groundball, 4)
Juan Perales to second
Batting: SHB Arvo Helminen 0-0: Ball
Wild Pitch!
Juan Perales to third
Juan Carlos López to second
1-0: Foul Ball, location: 2F
1-1: Swinging Strike
1-2: Strikes out swinging
Batting: RHB Luis Díaz 0-0: Called Strike
0-1: Ball
1-1: SINGLE (Line Drive, 7S)
Juan Perales scores
Juan Carlos López to third
Runner from 3rd tries for Home, SAFE, throw made home
Batting: RHB Júlio Becerra 0-0: Called Strike
0-1: Called Strike
0-2: Foul Ball, location: 2F
0-2: Foul Ball, location: 2F
0-2: Foul Ball, location: 2F
0-2: Ball
1-2: Ball
2-2: Ground out 4-3 (Groundball, 4)
Bottom of the 2nd over - 2 runs, 1 hit, 1 error, 1 left on base; Belvedere Park 0 - Virginia Beach 3
TOP OF THE 3RD
Belvedere Park Rawhides batting - Pitching for Virginia Beach Deuces : LHP Nicolaas de Jongh
Batting: LHB Connor Petty 0-0: Called Strike
0-1: Swinging Strike
0-2: Ball
1-2: Foul Ball, location: 2F
1-2: Strikes out looking
Batting: RHB Hang-ki Chung 0-0: Ball
1-0: Called Strike
1-1: Ball
2-1: Fly out, F8 (Flyball, 78M)
Batting: RHB Domingo Trujillo 0-0: Ball
1-0: Ball
2-0: Ball
3-0: Base on Balls
Batting: RHB Pat Sizemore 0-0: Ball
1-0: Fly out, F7 (Flyball, 78S)
Top of the 3rd over - 0 runs, 0 hits, 0 errors, 1 left on base; Belvedere Park 0 - Virginia Beach 3
BOTTOM OF THE 3RD
Virginia Beach Deuces batting - Pitching for Belvedere Park Rawhides : LHP Katsumoto Miyanohara
Batting: RHB James Hill 0-0: Ball
1-0: Foul Ball, location: 2F
1-1: Reached on error, E6 (Groundball, 6)
Batting: RHB Stephen McManus 0-0: Called Strike
0-1: Foul Ball, location: 2F
0-2: Strikes out swinging
Batting: SHB Iikka Karpinen 0-0: Ball
1-0: Ball
2-0: Called Strike
2-1: Grounds into double play, 6-4-3 (Groundball, 6)
Bottom of the 3rd over - 0 runs, 0 hits, 1 error, 0 left on base; Belvedere Park 0 - Virginia Beach 3
TOP OF THE 4TH
Belvedere Park Rawhides batting - Pitching for Virginia Beach Deuces : LHP Nicolaas de Jongh
Batting: RHB José Pérez 0-0: Called Strike
0-1: Swinging Strike
0-2: Foul Ball, location: 2F
0-2: Ball
1-2: Ball
2-2: Ball
3-2: Strikes out looking
Batting: RHB Jesús Recesvinto 0-0: Swinging Strike
0-1: Ball
1-1: Ball
2-1: Ball
3-1: Foul Ball, location: 2F
3-2: Strikes out swinging
Batting: RHB Norm Chodorow 0-0: Swinging Strike
0-1: Foul Ball, location: 2F
0-2: Fly out, F5 (Line Drive, 56)
Top of the 4th over - 0 runs, 0 hits, 0 errors, 0 left on base; Belvedere Park 0 - Virginia Beach 3
BOTTOM OF THE 4TH
Virginia Beach Deuces batting - Pitching for Belvedere Park Rawhides : LHP Katsumoto Miyanohara
Batting: RHB Gerardo Espinoza 0-0: Ball
1-0: Swinging Strike
1-1: Swinging Strike
1-2: Ball
2-2: Ground out 6-3 (Groundball, 6MD)
Batting: SHB Juan Perales 0-0: Ball
1-0: Ground out 6-3 (Groundball, 6D)
Batting: RHB Juan Carlos López 0-0: Ball
1-0: Ball
2-0: Ball
3-0: Called Strike
3-1: Base on Balls
Batting: SHB Arvo Helminen 0-0: Ball
1-0: Ball
2-0: Ball
3-0: Base on Balls
Juan Carlos López to second
Batting: RHB Luis Díaz 0-0: SINGLE (Groundball, 6MD)
Juan Carlos López to third
Arvo Helminen to second
Throwing error, E8
Juan Carlos López scores
Arvo Helminen to third
Luis Díaz to second
Batting: RHB Júlio Becerra 0-0: Ground out 4-3 (Groundball, 4M)
Bottom of the 4th over - 1 run, 1 hit, 1 error, 2 left on base; Belvedere Park 0 - Virginia Beach 4
TOP OF THE 5TH
Belvedere Park Rawhides batting - Pitching for Virginia Beach Deuces : LHP Nicolaas de Jongh
Batting: LHB Seung-soo Ch'ae 0-0: Called Strike
0-1: Called Strike
0-2: Strikes out swinging
Batting: RHB Stephen Webb 0-0: Ball
1-0: Called Strike
1-1: Fly out, F7 (Flyball, 78S)
Batting: LHB Connor Petty 0-0: Ball
1-0: Foul Ball, location: 2F
1-1: Foul Ball, location: 2F
1-2: Foul Ball, location: 2F
1-2: Foul Ball, location: 2F
1-2: Strikes out swinging
Top of the 5th over - 0 runs, 0 hits, 0 errors, 0 left on base; Belvedere Park 0 - Virginia Beach 4
BOTTOM OF THE 5TH
Virginia Beach Deuces batting - Pitching for Belvedere Park Rawhides : LHP Katsumoto Miyanohara
Batting: RHB James Hill 0-0: Ball
1-0: SINGLE (Groundball, 56D)
Batting: RHB Stephen McManus 0-0: Foul Ball, location: 2F
0-1: Called Strike
0-2: Ball
1-2: Foul Ball, location: 2F
1-2: Ball
2-2: Grounds into double play, 4-6-3 (Groundball, 4)
Batting: SHB Iikka Karpinen 0-0: Ball
1-0: Swinging Strike
1-1: Ball
2-1: Ball
3-1: Ground out 5-3 (Groundball, 56S)
Bottom of the 5th over - 0 runs, 1 hit, 0 errors, 0 left on base; Belvedere Park 0 - Virginia Beach 4
TOP OF THE 6TH
Belvedere Park Rawhides batting - Pitching for Virginia Beach Deuces : LHP Nicolaas de Jongh
Batting: RHB Hang-ki Chung 0-0: Foul Ball, location: 2F
0-1: SINGLE (Groundball, 34S) (infield hit)
Batting: RHB Domingo Trujillo 0-0: Ball
1-0: Foul Ball, location: 2F
1-1: Ball
2-1: Foul Ball, location: 2F
2-2: Ball
3-2: Strikes out swinging
Batting: RHB Pat Sizemore 0-0: Fly out, F9 (Line Drive, 89S)
Batting: RHB José Pérez 0-0: Ball
Hang-ki Chung is caught stealing 2nd base
Top of the 6th over - 0 runs, 1 hit, 0 errors, 0 left on base; Belvedere Park 0 - Virginia Beach 4
BOTTOM OF THE 6TH
Virginia Beach Deuces batting - Pitching for Belvedere Park Rawhides : LHP Katsumoto Miyanohara
Batting: RHB Gerardo Espinoza 0-0: Foul Ball, location: 2F
0-1: Swinging Strike
0-2: Strikes out looking
Batting: SHB Juan Perales 0-0: Ball
1-0: Ball
2-0: Ball
3-0: Base on Balls
Batting: RHB Juan Carlos López 0-0: Foul Ball, location: 2F
0-1: Called Strike
0-2: Ball
1-2: Ball
2-2: 2-RUN HOME RUN (Flyball, 7D), Distance : 403 ft
Pitching: RHP Arturio Sandolva
Batting: SHB Arvo Helminen 0-0: Foul Ball, location: 2F
0-1: Ball
1-1: Foul Ball, location: 2F
1-2: Ball
2-2: Fly out, F7 (Flyball, 7LDF)
Batting: RHB Luis Díaz 0-0: Ground out 6-3 (Groundball, 6)
Bottom of the 6th over - 2 runs, 1 hit, 0 errors, 0 left on base; Belvedere Park 0 - Virginia Beach 6
TOP OF THE 7TH
Belvedere Park Rawhides batting - Pitching for Virginia Beach Deuces : LHP Nicolaas de Jongh
Batting: RHB José Pérez 0-0: Ball
1-0: Ball
2-0: Ball
3-0: Base on Balls
Batting: RHB Jesús Recesvinto 0-0: Grounds into double play, 5-4-3 (Groundball, 56)
Batting: RHB Norm Chodorow 0-0: Swinging Strike
0-1: Swinging Strike
0-2: Ball
1-2: Foul Ball, location: 2F
1-2: Strikes out swinging
Top of the 7th over - 0 runs, 0 hits, 0 errors, 0 left on base; Belvedere Park 0 - Virginia Beach 6
BOTTOM OF THE 7TH
Virginia Beach Deuces batting - Pitching for Belvedere Park Rawhides : RHP Arturio Sandolva
Batting: RHB Júlio Becerra 0-0: Ground out U3 (Groundball, 3)
Batting: RHB James Hill 0-0: Called Strike
0-1: Foul Ball, location: 2F
0-2: Foul Ball, location: 2F
0-2: Fly out, F8 (Flyball, 8LS)
Batting: RHB Stephen McManus 0-0: Ball
1-0: Ball
2-0: Ball
3-0: Foul Ball, location: 2F
3-1: Foul Ball, location: 2F
3-2: Ground out U3 (Groundball, 3)
Bottom of the 7th over - 0 runs, 0 hits, 0 errors, 0 left on base; Belvedere Park 0 - Virginia Beach 6
TOP OF THE 8TH
Belvedere Park Rawhides batting - Pitching for Virginia Beach Deuces : LHP Nicolaas de Jongh
Pitching: RHP Dustin de Leeuw
Batting: LHB Seung-soo Ch'ae 0-0: Ball
1-0: Called Strike
1-1: Fly out, F7 (Flyball, 7LS)
Batting: RHB Stephen Webb 0-0: Ball
1-0: Foul Ball, location: 2F
1-1: SINGLE (Groundball, 6MD)
Batting: LHB Connor Petty 0-0: Ball
1-0: Foul Ball, location: 2F
1-1: Foul Ball, location: 2F
1-2: Foul Ball, location: 2F
1-2: Ball
2-2: Ball
3-2: Fielders Choice at 2nd, 4-6 (Groundball, 4M)
Batting: RHB Hang-ki Chung 0-0: Called Strike
0-1: Swinging Strike
0-2: SINGLE (Groundball, 4MD)
Connor Petty to second
Batting: RHB Domingo Trujillo 0-0: Ball
1-0: Swinging Strike
1-1: Swinging Strike
1-2: Ball
2-2: Strikes out swinging
Top of the 8th over - 0 runs, 2 hits, 0 errors, 2 left on base; Belvedere Park 0 - Virginia Beach 6
BOTTOM OF THE 8TH
Virginia Beach Deuces batting - Pitching for Belvedere Park Rawhides : RHP Arturio Sandolva
Batting: SHB Iikka Karpinen 0-0: Ball
1-0: Called Strike
1-1: Ground out 1-3 (Groundball, P)
Batting: RHB Gerardo Espinoza 0-0: Ball
1-0: Foul Ball, location: 2F
1-1: Ball
2-1: Swinging Strike
2-2: Foul Ball, location: 2F
2-2: Foul Ball, location: 2F
2-2: Foul Ball, location: 2F
2-2: Ground out 5-3 (Groundball, 56)
Batting: SHB Juan Perales 0-0: Called Strike
0-1: Foul Ball, location: 2F
0-2: Ball
1-2: Ground out 3-1 (Groundball, 34)
Bottom of the 8th over - 0 runs, 0 hits, 0 errors, 0 left on base; Belvedere Park 0 - Virginia Beach 6
TOP OF THE 9TH
Belvedere Park Rawhides batting - Pitching for Virginia Beach Deuces : RHP Dustin de Leeuw
Batting: RHB Pat Sizemore 0-0: Called Strike
0-1: Fly out, F8 (Line Drive, 8LM)
Batting: RHB José Pérez 0-0: Called Strike
0-1: Ball
1-1: Called Strike
1-2: Foul Ball, location: 2F
1-2: Ball
2-2: Strikes out swinging
Batting: RHB Jesús Recesvinto 0-0: Ball
1-0: Ball
2-0: Fly out, F9 (Flyball, 89D)
Top of the 9th over - 0 runs, 0 hits, 0 errors, 0 left on base; Belvedere Park 0 - Virginia Beach 6
Wednesday, September 19th, 2018 - OOTP Baseball 18.8 Build 76